 Dungeon Crawl Stone Soup version 0.31-a0-986-g5e6e4ef867 (webtiles) character file.

Game seed: 7265021525725002480

317 pokeman the Magician (level 6, -1/34 HPs)
             Began as a Deep Elf Hedge Wizard on Nov 5, 2023.
             Slain by an ufetubus (3 damage)
             ... on level 5 of the Dungeon on Nov 6, 2023.
             The game lasted 00:09:35 (5304 turns).

pokeman the Magician (Deep Elf Hedge Wizard)        Turns: 5304, Time: 00:09:36

Health: -1/34      AC:  2    Str:  7    XL:     6   Next: 20%
Magic:  2/17       EV: 13    Int: 21    God:
Gold:   168        SH:  5    Dex: 14    Spells: 5/18 levels left

rFire   . . .        E - +0 dagger (chaos)
rCold   + . .        (no shield)
rNeg    . . .        b - +0 robe
rPois   .            c - +0 hat
rElec   .            (no cloak)
rCorr   .            (no gloves)
SInv    +            (no boots)
Will    .....        i - amulet of reflection
Stlth   ++           y - ring of see invisible
HPRegen 0.25/turn    F - ring of protection from cold
MPRegen 0.15/turn

%: reflection
@: on blink cooldown
A: no striking features
a: no special abilities


You were on level 5 of the Dungeon.
You visited 1 branch of the dungeon, and saw 5 of its levels.

You collected 168 gold pieces.

Inventory:

Hand Weapons
 E - a +0 dagger of chaos (weapon)
Armour
 b - a +0 robe (worn)
 c - a +0 hat (worn)
Magical Staves
 z - a staff of earth
Jewellery
 i - an amulet of reflection (around neck)
 y - a ring of see invisible (left hand)
 F - a ring of protection from cold (right hand)
 H - a ring of positive energy
 I - a ring of flight
Scrolls
 f - 4 scrolls of teleportation {unknown}
 g - 2 scrolls of vulnerability {unknown}
 h - 2 scrolls of revelation {unknown}
 j - a scroll of enchant armour {unknown}
 m - a scroll of immolation {unknown}
 n - 3 scrolls of enchant weapon {unknown}
 p - 3 scrolls of fear {unknown}
 r - 3 scrolls of identify {unknown}
 u - a scroll of silence {unknown}
 x - a scroll of poison {unknown}
 A - 3 scrolls of amnesia {unknown}
 B - a scroll of fog {unknown}
 C - a scroll of noise {unknown}
Potions
 a - 2 potions of cancellation {unknown}
 d - a potion of magic
 e - a potion of berserk rage {unknown}
 k - 2 potions of lignification {unknown}
 l - 3 potions of might {unknown}
 o - 2 potions of heal wounds {unknown}
 q - 2 potions of curing {unknown}
 s - a potion of ambrosia {unknown}
 t - a potion of mutation {unknown}
 v - a potion of resistance {unknown}
 w - 2 potions of haste {unknown}
 D - 2 potions of enlightenment {unknown}
 G - a potion of brilliance {unknown}
 J - 2 potions of attraction {unknown}


   Skills:
 + Level 1.0 Fighting
 - Level 1.0 Armour
 - Level 3.1 Dodging
 - Level 3.0 Stealth
 * Level 6.6 Spellcasting
 + Level 3.0 Conjurations
 - Level 1.1 Summonings
 - Level 1.1 Translocations
 + Level 0.7 Transmutations
 - Level 1.0 Air Magic
 - Level 1.0 Earth Magic
 - Level 1.0 Poison Magic
 - Level 1.0 Evocations


You had 5 spell levels left.
You knew the following spells:

 Your Spells              Type           Power      Damage    Failure   Level
a - Magic Dart            Conj           76%        1d6       2%          1
b - Mephitic Cloud        Conj/Pois/Air  14%        N/A       14%         3
c - Call Imp              Summ           22%        N/A       9%          2
d - Blink                 Tloc           22%        N/A       9%          2
e - Irradiate             Conj/Tmut      7%         3d14      75%         5

Your spell library contained the following spells:

 Spells                   Type           Power      Damage    Failure   Level
 Slow                     Hex            28%        N/A       9%          1
 Cigotuvi's Dreadful Rot  Necr/Pois/Air  18%        N/A       11%         2
 Wereblood                Tmut           10%        N/A       11%         2
 Hailstorm                Conj/Ice       13%        3d5       14%         3
 Summon Ice Beast         Ice/Summ       9%         N/A       58%         4
 Simulacrum               Ice/Necr       3%         N/A       100%        6


Dungeon Overview and Level Annotations

Branches:
Dungeon (5/15)
 Temple: D:4-7

Altars:
Fedhas
Gozag
Okawaru
Xom
Yredelemnul
Lugonu

Shops:
D:4 =![?

Portals:
Abyss: D:3


Message History

Your cerulean imp barely misses the ufetubus.
Unknown command.
You feel ready to blink again. The sleepcap attacks as it pursues you!
The sleepcap closely misses you.
Casting: Blink (safe; 9% risk of failure)
Confirm with . or Enter, or press ? or * to list all spells.
You blink.
Unknown command.
Your cerulean imp hits the sleepcap but does no damage.
You feel ready to blink again. The ufetubus misses you.
You block the ufetubus's attack.
Casting: Blink (safe; 9% risk of failure)
Confirm with . or Enter, or press ? or * to list all spells.
A tiny devil pulls itself out of the air.
The ufetubus slips past you! The ufetubus barely misses you.
The ufetubus hits you.
* * * LOW HITPOINT WARNING * * *
The ufetubus barely misses you. You block the ufetubus's attack. x2
The ufetubus barely misses you.
You closely miss the ufetubus. You block the ufetubus's attack.
The ufetubus hits you.
* * * LOW HITPOINT WARNING * * *
You block the ufetubus's attack. The ufetubus hits you.
* * * LOW HITPOINT WARNING * * *
Your cerulean imp hits the ufetubus with a -3 spear.
Unknown command.
Casting: Call Imp (safe; 9% risk of failure)
Confirm with . or Enter, or press ? or * to list all spells.
You blink.
Your magical contamination has completely faded away.
Unknown command.
The ufetubus attacks as it pursues you! The ufetubus misses you.
The ufetubus closely misses you.
You aren't carrying any items that you can evoke.
Unknown command.
Your cerulean imp hits the ufetubus from afar with a -3 spear.
The ufetubus hits you.
* * * LOW HITPOINT WARNING * * *
The ufetubus hits you.
You die...

...#...## #.#
........#########.#
...#...# #.f.....5#
...#..# #.#####..#
.###..####.#....5.#
.....5.......###f##
####..####.### #.#
####..# #.# #5#
......# #.# #@#
#####. #.......# #.
######### ... #.
... #. ...


You could see a sleepcap, 2 ufetubi and a friendly cerulean imp (summoned).

Vanquished Creatures
  4 crimson imps
  A jelly (D:5)
  A hound (D:2)
  5 adders
  2 worms
  2 dart slugs
  An orc (D:3)
  4 ball pythons
  4 bats
  6 endoplasms
  2 giant cockroaches (D:2)
  6 goblins
  7 hobgoblins
  3 jackals (D:2)
  4 quokkas
  A frilled lizard (D:3)
  5 kobolds
  3 rats
  3 lurking horrors (D:3)
64 creatures vanquished.

Notes
Turn   | Place    | Note
-------+----------+-------------------------------------------
     0 | D:1      | pokeman the Deep Elf Hedge Wizard began the quest for the
                  | Orb.
     0 | D:1      | Reached XP level 1. HP: 10/10 MP: 7/7
   506 | D:1      | Reached XP level 2. HP: 16/16 MP: 3/9
  1283 | D:2      | Reached skill level 5 in Spellcasting
  1339 | D:2      | Reached XP level 3. HP: 20/20 MP: 6/11
  1343 | D:2      | Learned a level 3 spell: Mephitic Cloud
  1346 | D:2      | Learned a level 2 spell: Call Imp
  1349 | D:2      | Learned a level 2 spell: Blink
  1775 | D:2      | Reached skill level 1 in Armour
  1808 | D:2      | Reached skill level 1 in Fighting
  2165 | D:2      | Reached XP level 4. HP: 15/25 MP: 0/13
  2633 | D:3      | Found a basalt altar of Yredelemnul.
  2736 | D:3      | Found an opulent altar of Gozag.
  2871 | D:3      | Found a corrupted altar of Lugonu.
  2872 | D:3      | Found a one-way gate to the infinite horrors of the Abyss.
  3223 | D:3      | Found a blossoming altar of Fedhas.
  3479 | D:4      | Found a shimmering altar of Xom.
  3744 | D:3      | Reached skill level 6 in Spellcasting
  3744 | D:3      | Reached XP level 5. HP: 27/29 MP: 7/15
  3984 | D:4      | Reached skill level 1 in Evocations
  4173 | D:4      | Found an iron altar of Okawaru.
  4180 | D:4      | Learned a level 5 spell: Irradiate
  4198 | D:4      | Found Tafaguwi's Magic Scroll Shoppe.
  4400 | D:4      | Found Zufomaiw's Antique Armour Shoppe.
  4692 | D:4      | Found Ypouho's Distillery.
  4734 | D:4      | Reached skill level 1 in Air Magic
  4734 | D:4      | Reached skill level 1 in Earth Magic
  4734 | D:4      | Reached XP level 6. HP: 27/34 MP: 1/17
  4874 | D:4      | Reached skill level 1 in Poison Magic
  4910 | D:4      | Found Masacad's Jewellery Shop.
  5027 | D:5      | Entered Level 5 of the Dungeon
  5299 | D:5      | HP: 1/34 [ufetubus (3)]
  5304 | D:5      | Slain by an ufetubus

Illustrated notes

Levels and vault maps discovered:
D:1:      minmay_arrival_up_and_down, layout_basic
D:2:      layout_loops_corners
D:3:      layout_loops_ring, mainiacjoe_overflow_alcove_2,
          overflow_temple_1_default, mainiacjoe_overflow_catwalk,
          amcnicky_altar_lugonu_corruption
D:4:      layout_loops_corners, led_xom_imps, okawaru_metal_pillars_1_2,
          serial_shops, shop, shop, shop, shop, serial_park_tiny_2
D:5:      layout_loops_corners

Skill      XL: |  1  2  3  4  5  6 |
---------------+-------------------+-----
Spellcasting   | 5 6 |  6.6
Armour         | 1 |  1.0
Fighting       | 1 |  1.0
Conjurations   | 2 3 |  3.0
Stealth        | 3 |  3.0
Dodging        | 3 |  3.1
Evocations     | 1 |  1.0
Air Magic      | 1 |  1.0
Earth Magic    | 1 |  1.0
Poison Magic   | 1 |  1.0
Summonings     | |  1.1
Translocations | |  1.1
Transmutations | |  0.7

Action                     |  1- 3 |  4- 6 || total
---------------------------+-------+-------++-------
  Melee: Dagger            |     5 |    80 ||    85
         Punch             |       |     2 ||     2
   Cast: Magic Dart        |   126 |   140 ||   266
         Call Imp          |       |     7 ||     7
         Mephitic Cloud    |       |     2 ||     2
         Blink             |       |     5 ||     5
   Stab: Confused          |       |     1 ||     1
 Armour: Robe              |    18 |    77 ||    95
  Dodge: Dodged            |    20 |    97 ||   117
  Block: Other             |     9 |    45 ||    54

Table legend: (Time is in decaauts)
 A = Elapsed time spent in this place.
 B = Non-inter-level travel time spent in this place.
 C = Inter-level travel time spent in this place.
 D = Time resting spent in this place.
 E = Time spent auto-exploring this place.
 F = Levels seen in this place.
 G = Mean time per level.
                   A        B        C        D        E       F      G
               +--------+--------+--------+--------+--------+-----+--------+
         Total |   5304 |   5093 |    211 |    150 |   4132 |   5 | 1060.8 |
       Dungeon |   5304 |   5093 |    211 |    150 |   4132 |   5 | 1060.8 |
               +--------+--------+--------+--------+--------+-----+--------+

Top non-repeatable levels by time:
     D:2: 1706 daAuts
     D:4: 1328 daAuts
     D:3: 1199 daAuts
     D:1: 793 daAuts
     D:5: 276 daAuts
